Cogmind - Beta 13 @@@ ROGUE MODE // 2024.05.11 @ 22:55:58 Player: Jason Result: Destroyed by G-34 Mercenary with Small Laser Performance ------------- Evolutions (0) 0 Regions Visited (1) 200 Robots Destroyed (14) 70 Value Destroyed (288) 288 Prototype IDs (0) 0 Alien Tech Used (0) 0 Bonus (0) 0 TOTAL SCORE: 558 Bonus ------- None Cogmind --------- Core Integrity 0/250 Matter 215/300 Energy 250/250 System Corruption 7% Temperature Cool (6) Movement Walking (190) Ox1 Location -10/Materials Parts ------- > --- POWER (1) -------- Ion Engine > --- PROPULSION (2) --- Aluminum Leg Aluminum Leg > --- UTILITY (2) ------ Large Storage Unit Structural Scanner > --- WEAPON (2) ------- Heavy Assault Rifle Heavy Assault Rifle > --- INVENTORY (15) --- Light Ion Engine Aluminum Leg Aluminum Leg Aluminum Leg Compact Wheel Small Storage Unit Signal Interpreter Seismic Detector Assault Rifle Assault Rifle Heavy Assault Rifle Heavy Hammer Peak State ------------ > --- POWER ------------ Ion Engine > --- PROPULSION ------- Aluminum Leg Aluminum Leg > --- UTILITY ---------- Small Storage Unit Seismic Detector > --- WEAPON ----------- Heavy Assault Rifle Heavy Assault Rifle > --- INVENTORY -------- Light Ion Engine Light Treads Compact Wheel Assault Rifle Assault Rifle Heavy Assault Rifle Heavy Assault Rifle Heavy Hammer [Rating: 10] Favorites ----------- Power Ion Engine Engine Ion Engine Propulsion Aluminum Leg Treads Light Treads Leg Aluminum Leg Utility Large Storage Unit Device Seismic Detector Storage Large Storage Unit Weapon Heavy Assault Rifle Energy Gun Small Laser Ballistic Gun Heavy Assault Rifle Special Weapon Mining Laser Impact Weapon Heavy Hammer Build | -11 -10 ------- Run | Yrd Mat Slots Evolved . | . . Power . | . . Propulsion . | . . Utility . | . . Weapon . | . . Parts Attached 23 | 9 14 Power 1 | 1 . Engine 1 | 1 . Core . | . . Reactor . | . . Propulsion 5 | 3 2 Treads 1 | 1 . Leg 4 | 2 2 Wheel . | . . Hover . | . . Flight . | . . Utility 4 | 2 2 Device 2 | 1 1 Storage 2 | 1 1 Processor . | . . Hackware . | . . Protection . | . . Artifact . | . . Weapon 13 | 3 10 Energy Gun 1 | 1 . Energy Cannon . | . . Ballistic Gun 8 | 2 6 Ballistic Cannon . | . . Launcher . | . . Special Weapon 1 | . 1 Impact Weapon 3 | . 3 Slashing Weapon . | . . Piercing Weapon . | . . Special Melee Weapon . | . . Unidentified Prototypes . | . . Parts Lost 2 | . 2 Power . | . . Propulsion . | . . Utility 1 | . 1 Weapon 1 | . 1 Highest Loss Streak 2 | . 2 To Critical Strikes . | . . Average Slot Usage (%) 97 | . 97 Engine 14 | . 14 Leg 28 | . 28 Device 13 | . 13 Storage 14 | . 14 Ballistic Gun 21 | . 21 Impact Weapon 4 | . 4 Naked Turns . | . . Heaviest Build 32 | 15 32 Greatest Support 20 | 20 20 Greatest Overweight (x) 4 | 4 1 Average Overweight (x) . | . . Largest Inventory Capacity 15 | 8 15 Average Capacity 11 | 7 13 Most Carried 13 | 6 13 Average Carried 8 | 4 10 Final Capacity 15 | 8 15 Final Carried 12 | 6 12 Class Distribution -------------------- 100% | Mutant Dominant Class ---------------- Mutant | -10/Materials Resources | -11 -10 ----------- Run | Yrd Mat Matter Collected 566 | 326 240 Remotely . | . . Salvage Created 411 | 80 331 Parts 30 | 2 28 Haulers Intercepted . | . . Recyclers Shooed . | . . Parts Field Recycled . | . . Retrieved Matter . | . . Parts Self-Destructed . | . . Prevented . | . . Kills | -11 -10 ------- Run | Yrd Mat Combat Hostiles Destroyed 9 | . 9 Guns 9 | . 9 Classes Destroyed 5 | 2 3 Builder 3 | . 3 Tunneler 1 | 1 . Recycler 1 | 1 . Swarmer 3 | . 3 Grunt 6 | . 6 Best Kill Streak 3 | 2 3 Combat Bots Only 3 | . 3 Max Kills in Single Turn 2 | 1 2 Gunslinging 1 | . 1 Exploded . | . . Melee . | . . Uniques/NPCs Destroyed . | . . Combat | -11 -10 -------- Run | Yrd Mat Hostile Shots Fired 65 | . 65 Missed 18 | . 18 Damage Taken 879 | . 879 Core 258 | . 258 Absorbed by Shields . | . . Core Remaining (%) 100 | 100 . Volleys Fired 41 | 6 35 Largest 2 | 2 2 Hottest 100 | 40 100 Shots Fired 79 | 12 67 Gun 77 | 12 65 Cannon . | . . Launcher . | . . Special 2 | . 2 Kinetic 77 | 12 65 Thermal 2 | . 2 Explosive . | . . Electromagnetic . | . . Robot Hit Streak 8 | 8 7 Robot Miss Streak 9 | 1 9 Penetration Max . | . . Secondary Targets 2 | . 2 Max Gunslinging Chain 1 | . 1 Shots Hit Robots 42 | 9 33 Core Hits 17 | 3 14 Critical Kills . | . . Critical Parts Destroyed . | . . Critical Strikes . | . . Melee Attacks 7 | . 7 Impact 7 | . 7 Slashing . | . . Piercing . | . . Sneak Attacks 2 | . 2 Combat Hostiles . | . . Follow-up Attacks . | . . Damage Inflicted 857 | 121 736 Guns 649 | 121 528 Cannons . | . . Explosions . | . . Melee 208 | . 208 Ramming . | . . Kinetic 649 | 121 528 Thermal . | . . Explosive . | . . Electromagnetic . | . . Impact 208 | . 208 Slashing . | . . Piercing . | . . Highest Corruption 7 | . 7 Average Corruption 7 | . 7 Corruption Purged . | . . Corruption Blocked . | . . Effects 9 | . 9 Message Errors 4 | . 4 Heat Flow Errors 2 | . 2 Energy Discharges 1 | . 1 Parts Rejected 1 | . 1 Data Loss (minor) 1 | . 1 Overload Shots . | . . Overflow Damage 148 | . 148 Projectiles . | . . Explosions . | . . Melee 148 | . 148 Knockbacks 1 | . 1 Impact 1 | . 1 Kinetic . | . . Secondary . | . . Self-Inflicted Damage . | . . Shots . | . . Rammed . | . . Targets Rammed . | . . Kicked . | . . Crushed . | . . Highest Temperature 243 | . 243 Average Temperature 71 | . 71 Received Heat Transfer 186 | . 186 Siege Activations . | . . Robots Corrupted . | . . Combat Hostiles . | . . Parts Fried 5 | . 5 Impact Corruptions 4 | . 4 Robots Melted . | . . Combat Hostiles . | . . Parts Melted . | . . Heat Transferred . | . . Parts Sabotaged . | . . Parts Stolen . | . . Parts Stripped . | . . Power Chain Reactions . | . . Alert | -11 -10 ------- Run | Yrd Mat Peak Influence 163 | 10 163 Initial 6 | . 6 Average 43 | 1 54 Maximum Alert Level . | . . Low Security (%) 100 | 100 100 Level 1 . | . . Level 2 . | . . Level 3 . | . . Level 4 . | . . Level 5 . | . . High Security . | . . Max Security . | . . Squads Dispatched 2 | . 2 Investigation . | . . Extermination . | . . Reinforcement 2 | . 2 Assault . | . . Garrison . | . . Intercept . | . . Searches Triggered . | . . Construction Impeded . | . . Haulers Reinforced . | . . Active Scanning Responses . | . . Cargo Convoy Interrupts . | . . Stealth | -11 -10 --------- Run | Yrd Mat Distress Signals 3 | . 3 Communications Jammed . | . . Distress Signals . | . . Times Spotted 15 | . 15 Peak Tracking Total 5 | . 5 Tactical Retreats . | . . Traps | -11 -10 ------- Run | Yrd Mat Traps Triggered . | . . Indirectly . | . . Trap Hack Attempts . | . . Triggered . | . . Disarmed . | . . Reprogrammed . | . . Reused . | . . Traps Extracted . | . . Installed . | . . Triggered . | . . Machines | -11 -10 ---------- Run | Yrd Mat Machines Disabled 1 | . 1 Max in Single Turn 1 | . 1 Machines Repaired . | . . Machines Dismantled . | . . Machines Sabotaged . | . . Overloaded Fab Kills . | . . Hacking | -11 -10 --------- Run | Yrd Mat Machines Accessed 1 | . 1 Terminals 1 | . 1 Fabricators . | . . Repair Stations . | . . Recycling Units . | . . Scanalyzers . | . . Garrison Access . | . . Total Hacks 2 | . 2 Successful 1 | . 1 Failed 1 | . 1 Catastrophic . | . . Database Lockouts . | . . Manual 2 | . 2 Terminals 2 | . 2 Fabricators . | . . Repair Stations . | . . Recycling Units . | . . Scanalyzers . | . . Garrison Access . | . . Terminal Hacks . | . . Fabricator Hacks . | . . Repair Station Hacks . | . . Recycling Unit Hacks . | . . Scanalyzer . | . . Garrison Access Hacks . | . . Unauthorized Hacks 1 | . 1 Terminals 1 | . 1 Botnet 1 | . 1 Fabricators . | . . Repair Stations . | . . Recycling Units . | . . Scanalyzers . | . . Garrison Access . | . . Data Cores Recovered . | . . Used . | . . Hacking Detections 1 | . 1 Full Trace Events . | . . Feedback Events . | . . Feedback Blocked . | . . Robot Schematics Acquired . | . . Robots Built . | . . Authchips . | . . Time . | . . Total Robot Build Rating . | . . Part Schematics Acquired . | . . Parts Built . | . . Authchips . | . . Time . | . . Total Part Build Rating . | . . Parts Repaired . | . . Time . | . . Parts Recycled . | . . Recycled Matter . | . . Retrieved Matter . | . . Retrieved Components . | . . Parts Scanalyzed . | . . Part Schematics Acquired . | . . Parts Damaged . | . . Bothacking | -11 -10 ------------ Run | Yrd Mat Used RIF Installer . | . . Robots Hacked . | . . Non-combat . | . . Combat . | . . Robot Hacks Applied . | . . Relay Couplers Released . | . . Fabnet Peak Effective % . | . . Robots Rewired . | . . Allies Hacked . | . . Hacks Repelled . | . . Allies | -11 -10 -------- Run | Yrd Mat Total Allies . | . . Largest Group . | . . Highest-Rated Group . | . . Highest-Rated Ally . | . . Total Orders . | . . Ally Attacks . | . . Total Damage . | . . Kills . | . . Allies Corrupted . | . . Allies Melted . | . . Intel | -11 -10 ------- Run | Yrd Mat Robot Analysis Total . | . . Derelict Logs Recovered . | . . Drone Launches . | . . Drone Recoveries . | . . Exploration | -11 -10 ------------- Run | Yrd Mat Turns Passed 819 | 175 644 Spaces Moved 389 | 100 289 Core 16 | 16 . Treads 2 | 2 . Legs 371 | 82 289 Wheels . | . . Hover . | . . Flight . | . . Fastest Speed 50 | 50 120 Average Speed 156 | 137 163 Slowest Speed 250 | 250 190 Overloaded Moves . | . . Propulsion Burnouts . | . . Robots Hopped . | . . Cave-ins Triggered 1 | . 1 Exploration Rate (%) 16 | 4 28 Regions Visited 1 Branch Regions . Pre-discovered Areas . | . . Known Exits Taken . | . . Unknown Exits Taken 1 | 1 . Scrap Searched . | . . Spaces Dug 7 | . 7 Terrain Destroyed 7 | . 7 Melee 5 | . 5 Projectile 2 | . 2 AOE . | . . Terrain Rammed . | . . Walls Destroyed . | . . Machines Disabled . | . . Actions | -11 -10 --------- Run | Yrd Mat Total 498 | 122 376 Wait 19 | 2 17 Move 388 | 99 289 Hop . | . . Pick Up 13 | 4 9 Fast Attach 9 | 9 . Attach 3 | . 3 Detach 2 | 2 . Swap 11 | . 11 Drop 5 | . 5 Fire 41 | 6 35 Melee 7 | . 7 Ram . | . . Kick . | . . Crush . | . . Escape Stasis . | . . Rewire . | . . Trap . | . . Miscellaneous . | . . Route ------- -11/Scrapyard -10/Materials (discovered 1 exit: [*Min]) History --------- Turn | Location | Event 32 | -11/Scrapyard | Discovered new exit (range 16) 176 | -11/Scrapyard | Entered Materials 317 | -10/Materials | Build established: Mutant 527 | -10/Materials | Crushed by falling debris 527 | -10/Materials | Core integrity fell below 50% 557 | -10/Materials | Discovered new exit (range 12) 763 | -10/Materials | Core integrity fell below 20% 820 | -10/Materials | Destroyed by G-34 Mercenary with Small Laser Last Messages --------------- 00773_ System corrupted: Hvy. Assault Rifle rejected. 00774_ R-06 Scavenger collects Hvy. Assault Rifle. 00776_ S-10 Pest destroyed. 00781_ K-01 Serf cleans the Terminal. 00782_ S-10 Pest destroyed. 00784_ R-06 Scavenger collects Lgt. Assault Rifle. 00784_ K-01 Serf collects debris. 00785_ S-10 Pest destroyed. 00787_ K-01 Serf collects debris. 00789_ R-06 Scavenger collects Flight Unit. 00791_ K-01 Serf collects debris. 00792_ R-06 Scavenger collects Flight Unit. 00794_ W-16 Scout sends out distress signal. 00794_ K-01 Serf collects debris. 00803_ System corrupted: Component data lost. 00803_ K-01 Serf collects debris. 00817_ K-01 Serf cleans the Terminal. Map ----- +----------------------------------------------------+ | ?????????????????????????? ??????????????????????? | | ?????????????????????????? ??????????????????????? | | ?????????????????????????? ??????????????????????? | | ????????????????????????## ##????????????????????? | | #####???????????????????## ##????????????????????? | | ######??####????????## ##????????????????????? | | = #### #????????## ##????????????????????? | | %! #????????## ##????????????????????? | | #### ##????????## ##????????????????????? | | ! ## #+##############?## ##????????????????????? | | ##### ################ ##????????????????????? | | ????# ## ##### ##????????????????????? | | ????# ## !! # ##????????????????????? | | ????# ##= ! # ##????????????????????? | | ????# ## """ ; ##????????????????????? | | ????# ! ## "" """ # ##????????????????????? | | ????# ## "Y """ # ##????????????????????? | | ????######## "" #;^^^###????????????????????? | | ?????????### [## k###????????????????????? | | ?????????############## ##?????????????????????? | | ??????????#### ##### w###????????????????????? | | ????????????????####### ###????????????????????? | | ####??????????????##""" ##????????????????????? | | " #??????????????##" ##????????????????????? | | " #??????????????##"! ##????????????????????? | | " #??????????????##"" <@ ##????????????????????? | | #??????????????##"! ##????????????????????? | | #??????????????##" ##????????????????????? | | #??????????????##"" ##????????????????????? | | ####??????????????##### ###????????????????????? | | ####### ?????????#####gg ###????????????????????? | | ???????????## ##?????????????????????? | | ???????????##% ##?????????????????????? | | ???????????## ##?????????????????????? | | ####### ?????????? T% #?????????????????????? | | ?????????????????????? k ##????????????????????? | | ?????????????????????? ##????????????????????? | | ????????????????????? *% ##????????????????????? | | ????????????????????? = ##????????????????????? | | ????????????????????? ###?????????????????????? | | ????????????????????? # ?????????????????????? | | ??????????????????????? ????????????????????????? | | ?????????????????????????????????????????????????? | | ?????????????????????????????????????????????????? | | ?????????????????????????????????????????????????? | | ?????????????????????????????????????????????????? | | ?????????????????????????????????????????????????? | | ?????????????????????????????????????????????????? | | ?????????????????????????????????????????????????? | | ?????????????????????????????????????????????????? | +----------------------------------------------------+ Best States ------------- Heat Dissipation 25 Energy Generation 10 Energy Capacity 250 Matter Stores 300 Matter Capacity 300 Sight Range 16 Terrain Scan Density 10 Evasion (%) 55 Recoil Reduction 1 Item Schematics ----------------- None Robot Schematics ------------------ None Fabricated ------------ Nothing Alien Tech Used ----------------- None Achievements -------------- None Challenges ------------ None Game ------ Seed MediumMomentumDetonator Manual? 1 Play Time 00:07:28 Cumulative 66.3 hours Start 2024.05.11 @ 22:47:47 End 2024.05.11 @ 22:55:58 Sessions 1 Manual Loads 0 Difficulty Rogue Special Mode None Game No. 53 Rogue 53 Adventurer 0 Explorer 0 Win Type - Total 0 Types 0/0/0/0/0/0/0/0/0 Lore% 22 Gallery% 38 Achievement% 26 Wizard Run 0 Options --------- Layout 2 ASCII 1 Keyboard 1 Movement Arrows Keybinds 0 Fullscreen 2 Font 20/SmallcapsGlow Map View 50x44 Zoom Use 0% Tactical HUD 1 Map Filters NONE Filters NONE Steam 1 RUN: 306e9d85-7be3-47dc-990e-d5365e6d5008